 Dungeon Crawl Stone Soup version 0.31.0 (webtiles) character file.

Game seed: 11404035243470138963

24275 qw the Marksgargoyle (level 13, -6/84 HPs)
             Began as a Gargoyle Hunter on Jan 20, 2024.
             Was a High Priest of Okawaru.
             Mangled by a seven-headed hydra (8 damage)
             ... on level 5 of the Lair of Beasts.
             The game lasted 00:02:01 (11229 turns).

qw the Marksgargoyle (Gargoyle Hunter)             Turns: 11229, Time: 00:02:02

Health: -6/84      AC: 22    Str: 15    XL:     13   Next: 12%
Magic:  20/20      EV: 14    Int: 11    God:    Okawaru [*****.]
Gold:   799        SH:  0    Dex: 17    Spells: 12/12 levels left

rFire   + . .        b - +1 arbalest
rCold   + . .        (shield currently unavailable)
rNeg    + + .        c - +2 robe {rN+}
rPois   inf          v - +2 helmet
rElec   +            k - +1 cloak
rCorr   .            e - +2 pair of gloves
SInv    .            (no boots)
Will    .....        h - amulet of regeneration
Stlth   ++           g - ring of protection from fire
HPRegen 1.14/turn    w - ring of protection from cold
MPRegen 0.17/turn

%: no passive effects
@: about to teleport
A: sickness immunity, AC +9, negative energy resistance 1, electricity
resistance, torment resistance 1, petrification resistance
a: Renounce Religion, Heroism, Finesse, Duel


You were on level 5 of the Lair of Beasts.
You worshipped Okawaru.
Okawaru was extremely pleased with you.
You visited 3 branches of the dungeon, and saw 14 of its levels.
You also visited: Ossuary.

You collected 799 gold pieces.


Innate Abilities, Weirdness & Mutations

You are immune to sickness and miasma.
Your stone body is resilient. (AC +9)
You are immune to poison.
You resist negative energy. (rN+)
You are resistant to electric shocks. (rElec)
You are resistant to unholy torment.
You are immune to petrification.


   Skills:
 - Level 11.0 Fighting
 + Level 16.2 Ranged Weapons
 - Level 3.2 Armour
 - Level 5.1 Dodging
 - Level 1.1 Stealth
 - Level 10.0 Invocations


You had 12 spell levels left.
You didn't know any spells.
Your spell library was empty.

Inventory:

Hand Weapons
 b - a +1 arbalest (weapon)
Armour
 c - a +2 robe of positive energy (worn)
 e - a +2 pair of gloves (worn)
 k - a +1 cloak (worn)
 v - a +2 helmet (worn)
Jewellery
 d - a ring of ice
 g - a ring of protection from fire (left hand)
 h - an amulet of regeneration (around neck)
 w - a ring of protection from cold (right hand)
Wands
 j - a wand of digging (12)
 l - a wand of roots (11)
 p - a wand of polymorph (8)
 q - a wand of mindburst (8)
 r - a wand of light (16)
 t - a wand of charming (4)
Scrolls
 m - a scroll of teleportation
 s - 3 scrolls of identify
Potions
 a - a potion of enlightenment
 f - a potion of cancellation
 i - 3 potions of resistance
 n - 3 potions of mutation
 o - 7 potions of curing
 u - a potion of magic

Dungeon Overview and Level Annotations

Branches:
Dungeon (8/15)             Temple (1/1) D:5            Lair (5/5) D:8
 Shoals (0/4) Lair:2        Snake (0/4) Lair:2      Ossuary (visited)
  Slime: Lair:4-5

Altars:
Cheibriados
Dithmenos
Elyvilon
Gozag
Hepliaklqana
Kikubaaqudgha
Makhleb
Okawaru
Qazlal
Ru
Sif Muna
Trog
Uskayaw
Vehumet
Wu Jian
Xom
Yredelemnul
Zin

Shops:
D:1 :

Annotations:
D:2 1 runed translucent door, Crazy Yiuf


Message History

The seven-headed hydra bites you but does no damage.
The seven-headed hydra misses you. The seven-headed hydra bites you.
The seven-headed hydra bites you but does no damage.
The seven-headed hydra bites you.
You shoot a bolt.
The bolt completely misses the seven-headed hydra.
The bullfrog hits you.
The seven-headed hydra barely misses you.
The seven-headed hydra bites you! The seven-headed hydra bites you.
The seven-headed hydra closely misses you.
The seven-headed hydra bites you.
The seven-headed hydra bites you but does no damage.
The seven-headed hydra barely misses you.
You shoot a bolt. The bolt hits the seven-headed hydra.
The seven-headed hydra is lightly wounded.
The bullfrog misses you.
The seven-headed hydra bites you but does no damage.
The seven-headed hydra bites you! The seven-headed hydra misses you.
The seven-headed hydra bites you.
The seven-headed hydra barely misses you.
The seven-headed hydra bites you but does no damage.
The seven-headed hydra bites you. The bullfrog barely misses you.
11228 ||| READING 2 scrolls of teleportation.
As you read the scroll of teleportation, it crumbles to dust.
You feel strangely unstable. The bullfrog barely misses you.
The seven-headed hydra completely misses you.
The seven-headed hydra misses you.
The seven-headed hydra closely misses you.
The seven-headed hydra bites you but does no damage.
The seven-headed hydra bites you!
The seven-headed hydra bites you but does no damage.
The seven-headed hydra bites you.
You shoot a bolt.
The bolt barely misses the seven-headed hydra.
The bolt barely misses the blink frog.
The bullfrog completely misses you.
The seven-headed hydra barely misses you. x2
The seven-headed hydra bites you!
You die...

##### ## ####.#@#
##P.#.#..FD#######.
..........F........
...........$.......
...................
...................
...................
[..........<.......
...................


You could see a seven-headed hydra, a blink frog and a bullfrog.

Vanquished Creatures
  2 hydras
  Erica (D:7)
  A salamander (Lair:2)
  5 elephants (Lair:3)
  2 torpor snails
  5 black mambas
  11 cane toads
  2 rime drakes
  3 komodo dragons
  A polar bear (Lair:3)
  7 blink frogs
  4 dream sheep (Lair:1)
  A snapping turtle (Lair:2)
  Prince Ribbit (D:6)
  4 wyverns
  A water elemental (Lair:2)
  3 basilisks
  20 yaks
  A steam dragon (D:7)
  An acid dragon (D:7)
  10 water moccasins
  2 ice beasts
  3 ogres
  3 black bears
  23 wolves
  2 phantoms
  4 centaurs
  14 bullfrogs
  3 scorpions
  4 wights
  5 water moccasin zombies (Ossuary)
  A burial acolyte (Ossuary)
  3 killer bees (D:8)
  2 electric eels (Lair:2)
  A crimson imp (D:4)
  4 lava snakes (Lair:2)
  A human zombie (D:4)
  4 hounds
  2 orc priests
  3 bombardier beetles
  A jelly (D:4)
  A spectral scorpion (Ossuary)
  Jessica (D:2)
  2 iguanas
  A scorpion zombie (D:4)
  6 orc wizards
  2 bullfrog simulacra (Ossuary)
  A hound zombie (D:4)
  2 mummies (Ossuary)
  4 gnolls
  5 adders
  A shadow imp (D:5)
  2 white imps
  8 ufetubi
  8 adder zombies
  4 adder skeletons (D:4)
  A ribbon worm (D:2)
  A dart slug (D:5)
  19 orcs
  2 bats
  4 endoplasms
  2 giant cockroaches (D:4)
  10 goblins
  10 hobgoblins
  15 jackals
  9 kobolds
  2 quokkas
  11 ball pythons
  4 frilled lizards
  7 gnoll zombies (Ossuary)
  4 jackal zombies (Ossuary)
  4 orc zombies (Ossuary)
  A quokka zombie (D:4)
  4 rats
329 creatures vanquished.

Notes
Turn   | Place    | Note
-------+----------+-------------------------------------------
     0 | D:1      | qw the Gargoyle Hunter began the quest for the Orb.
     0 | D:1      | Reached XP level 1. HP: 12/12 MP: 1/1
     0 | D:1      | 0 ||| qw: Version: 0.3-a-132-g3d54051
     0 | D:1      | 0 ||| qw: Game counter: 492
     0 | D:1      | 0 ||| qw: Melee chars always use a shield: true
     0 | D:1      | 0 ||| qw: God list: Okawaru
     0 | D:1      | 0 ||| qw: Allow faded altars: false
     0 | D:1      | 0 ||| qw: Do Orc after clearing Dungeon:15 true
     0 | D:1      | 0 ||| qw: Do second Lair branch before Depths: true
     0 | D:1      | 0 ||| qw: Lair rune preference: random
     0 | D:1      | 0 ||| qw: Goals: Normal
     0 | D:1      | 0 ||| PLANNING D:1-11
    80 | D:1      | Reached XP level 2. HP: 17/17 MP: 2/2
   405 | D:1      | Found Vidoegg's Book Boutique.
   600 | D:1      | 600 ||| UPGRADING to +0 ring mail.
   610 | D:1      | 610 ||| DROPPING +0 leather armour.
   611 | D:1      | 611 ||| DROPPING ring of flight.
   612 | D:1      | 612 ||| READING scroll labelled ZUOLIPR LIELY.
   613 | D:1      | 613 ||| READING scroll labelled RIKITO GASIL PUU.
   613 | D:1      | 613 ||| ENCHANTING +0 shortbow.
   614 | D:1      | 614 ||| DROPPING scroll of butterflies.
   727 | D:2      | Reached skill level 1 in Armour
   727 | D:2      | Reached XP level 3. HP: 21/21 MP: 3/3
   837 | D:2      | Reached skill level 5 in Ranged Weapons
   883 | D:2      | Noticed Jessica
   889 | D:2      | Killed Jessica
   890 | D:2      | Reached skill level 3 in Fighting
   890 | D:2      | Reached XP level 4. HP: 21/28 MP: 4/4
   890 | D:2      | 890 ||| FLEEEEING.
  1317 | D:2      | Found a runed translucent door.
  1318 | D:2      | Noticed Crazy Yiuf
  1570 | D:2      | 1570 ||| UPGRADING to +2 robe of positive energy.
  1580 | D:2      | 1580 ||| DROPPING +0 ring mail.
  1581 | D:2      | 1581 ||| READING scroll labelled DAVEHO LAIKI.
  1582 | D:2      | 1582 ||| READING scroll labelled ATAUM CETIP.
  1582 | D:2      | 1582 ||| ENCHANTING +0 shortbow.
  1583 | D:2      | 1583 ||| READING scroll labelled ENU FESHUBOLO.
  1584 | D:2      | 1584 ||| READING scroll labelled RIUWIO CUUSE.
  1665 | D:3      | Found a faded altar of an unknown god.
  2060 | D:3      | Reached XP level 5. HP: 29/32 MP: 5/5
  2130 | D:3      | Reached skill level 6 in Ranged Weapons
  2134 | D:3      | 2134 ||| FLEEEEING.
  2476 | D:3      | 2476 ||| UPGRADING to +0 pair of gloves.
  2481 | D:3      | 2481 ||| UPGRADING to +0 cloak.
  2486 | D:3      | 2486 ||| UPGRADING to amulet of the acrobat.
  2491 | D:3      | 2491 ||| READING scroll labelled KOQOOMM RENOXT.
  2592 | D:3      | 2592 ||| READING scroll labelled ROURYGH IRIO.
  2592 | D:3      | 2592 ||| IDENTIFYING inky potion
  2654 | D:4      | 2654 ||| FLEEEEING.
  2660 | D:4      | 2660 ||| FLEEEEING.
  2661 | D:4      | 2661 ||| STAIRDANCE
  2720 | D:4      | 2720 ||| READING scroll of enchant armour.
  2720 | D:4      | 2720 ||| ENCHANTING +0 pair of gloves.
  2783 | D:4      | Reached XP level 6. HP: 32/38 MP: 6/6
  2783 | D:4      | 2783 ||| FLEEEEING.
  2784 | D:4      | 2784 ||| FLEEEEING.
  2785 | D:4      | 2785 ||| FLEEEEING.
  2786 | D:4      | 2786 ||| FLEEEEING.
  2787 | D:4      | 2787 ||| FLEEEEING.
  2788 | D:4      | 2788 ||| FLEEEEING.
  2789 | D:4      | 2789 ||| FLEEEEING.
  2790 | D:4      | 2790 ||| FLEEEEING.
  2791 | D:4      | 2791 ||| FLEEEEING.
  2798 | D:4      | 2798 ||| STAIRDANCE
  2825 | D:3      | 2825 ||| READING 3 scrolls of identify.
  2825 | D:3      | 2825 ||| IDENTIFYING bubbling brown potion
  2826 | D:3      | 2826 ||| READING 2 scrolls of identify.
  2826 | D:3      | 2826 ||| IDENTIFYING coppery potion
  2827 | D:3      | 2827 ||| READING scroll of identify.
  2827 | D:3      | 2827 ||| IDENTIFYING 2 yellow potions
  2828 | D:3      | 2828 ||| DROPPING potion of berserk rage.
  2829 | D:3      | 2829 ||| DROPPING potion of degeneration.
  2856 | D:4      | 2856 ||| READING scroll of enchant armour.
  2856 | D:4      | 2856 ||| ENCHANTING +1 pair of gloves.
  2928 | D:4      | 2928 ||| FLEEEEING.
  2976 | D:4      | Reached skill level 7 in Ranged Weapons
  2976 | D:4      | 2976 ||| READING scroll of enchant weapon.
  2976 | D:4      | 2976 ||| ENCHANTING +1 shortbow.
  2978 | D:4      | Found a white marble altar of Elyvilon.
  2978 | D:4      | Found a stormy altar of Qazlal.
  2985 | D:4      | 2985 ||| READING scroll of enchant armour.
  2985 | D:4      | 2985 ||| ENCHANTING +0 cloak.
  3025 | D:4      | Found a burning altar of Makhleb.
  3043 | D:4      | Found a radiant altar of Vehumet.
  3210 | D:4      | Reached XP level 7. HP: 31/43 MP: 7/7
  3217 | D:4      | 3217 ||| FLEEEEING.
  3228 | D:4      | 3228 ||| FLEEEEING.
  3394 | D:4      | Found an ancient bone altar of Kikubaaqudgha.
  3405 | D:4      | 3405 ||| FLEEEEING.
  3459 | D:4      | 3459 ||| READING scroll labelled QAFOCZ LIHIL.
  3460 | D:4      | 3460 ||| DRINKING 2 red potions.
  3461 | D:4      | 3461 ||| DROPPING potion of brilliance.
  3489 | D:5      | Entered Level 5 of the Dungeon
  3511 | D:5      | Reached skill level 8 in Ranged Weapons
  3512 | D:5      | HP: 4/43 [ogre/+0 giant club (9)]
  3513 | D:5      | 3513 ||| DRINKING 2 potions of heal wounds.
  3515 | D:5      | 3515 ||| DRINKING potion of heal wounds.
  3593 | D:5      | Found a shimmering altar of Xom.
  3612 | D:5      | Reached XP level 8. HP: 40/49 MP: 8/8
  3612 | D:5      | 3612 ||| FLEEEEING.
  3700 | D:5      | Reached skill level 9 in Ranged Weapons
  3749 | D:5      | Found a staircase to the Ecumenical Temple.
  3750 | D:5      | 3750 ||| PLANNING TEMPLE
  3750 | D:5      | 3750 ||| UPGRADING to amulet of regeneration.
  3760 | D:5      | 3760 ||| DROPPING amulet of the acrobat.
  3771 | Temple   | Entered the Ecumenical Temple
  3772 | Temple   | 3772 ||| PLANNING D:1-11
  3842 | D:5      | 3842 ||| qw: Version: 0.3-a-132-g3d54051
  3842 | D:5      | 3842 ||| qw: Game counter: 492
  3842 | D:5      | 3842 ||| qw: Melee chars always use a shield: true
  3842 | D:5      | 3842 ||| qw: God list: Okawaru
  3842 | D:5      | 3842 ||| qw: Allow faded altars: false
  3842 | D:5      | 3842 ||| qw: Do Orc after clearing Dungeon:15 true
  3842 | D:5      | 3842 ||| qw: Do second Lair branch before Depths: true
  3842 | D:5      | 3842 ||| qw: Lair rune preference: random
  3842 | D:5      | 3842 ||| qw: Goals: Normal
  3842 | D:5      | 3842 ||| PLANNING D:1-11
  3869 | D:5      | 3869 ||| FLEEEEING.
  3958 | D:5      | Found a bloodstained altar of Trog.
  4154 | D:5      | 4154 ||| READING 2 scrolls of identify.
  4154 | D:5      | 4154 ||| IDENTIFYING silvery potion
  4155 | D:5      | 4155 ||| READING scroll of identify.
  4155 | D:5      | 4155 ||| IDENTIFYING bubbling green potion
  4156 | D:5      | 4156 ||| READING scroll labelled EMPYV QESAETZ.
  4157 | D:5      | 4157 ||| READING 2 scrolls labelled EXZOTUNEKY.
  4161 | D:5      | 4161 ||| DRINKING 2 sapphire potions.
  4230 | D:6      | Reached skill level 6 in Fighting
  4302 | D:6      | Reached skill level 10 in Ranged Weapons
  4328 | D:6      | 4328 ||| SWAPPING to +0 orcbow.
  4329 | D:6      | 4329 ||| DROPPING +2 shortbow.
  4488 | D:6      | Noticed Prince Ribbit
  4490 | D:6      | 4490 ||| ZAPPING wand of mindburst (4) at 5,0 (Prince
                  | Ribbit; floor).
  4493 | D:6      | 4493 ||| ZAPPING wand of mindburst (3) at 6,-4 (Prince
                  | Ribbit; floor).
  4493 | D:6      | Killed Prince Ribbit
  4494 | D:6      | Reached skill level 3 in Dodging
  4494 | D:6      | Reached XP level 9. HP: 55/55 MP: 9/9
  4623 | D:6      | Found a sacrificial altar of Ru.
  4778 | D:6      | 4778 ||| UPGRADING to ring of protection from fire.
  4779 | D:6      | 4779 ||| DROPPING wand of flame (37).
  4797 | D:7      | 4797 ||| PLANNING OSSUARY
  4808 | D:7      | Found a sand-covered staircase.
  4810 | D:7      | 4810 ||| READING scroll of identify.
  4810 | D:7      | 4810 ||| IDENTIFYING murky cyan potion
  4811 | D:7      | 4811 ||| READING scroll labelled BYVIDW IKENE.
  4812 | D:7      | 4812 ||| DROPPING potion of attraction.
  4826 | Ossuary  | Entered an ossuary
  5037 | Ossuary  | Reached skill level 11 in Ranged Weapons
  5089 | Ossuary  | 5089 ||| READING scroll of identify.
  5089 | Ossuary  | 5089 ||| IDENTIFYING metallic inky potion
  5090 | Ossuary  | 5090 ||| DRINKING 2 viscous black potions.
  5091 | Ossuary  | 5091 ||| DROPPING potion of magic.
  5098 | D:7      | 5098 ||| PLANNING D:1-11
  5251 | D:7      | Found an iron altar of Okawaru.
  5252 | D:7      | 5252 ||| PLANNING OKAWARU WORSHIP
  5252 | D:7      | 5252 ||| UPGRADING to +0 helmet.
  5257 | D:7      | Found an opulent altar of Gozag.
  5264 | D:7      | Became a worshipper of Warmaster Okawaru
  5265 | D:7      | 5265 ||| PLANNING D:1-11
  5450 | D:7      | Found a flagged portal.
  5464 | D:7      | 5464 ||| FLEEEEING.
  5540 | D:7      | Found a hide-covered altar of Uskayaw.
  5582 | D:7      | 5582 ||| UPGRADING to +1 helmet.
  5592 | D:7      | 5592 ||| DROPPING +0 helmet.
  5594 | D:7      | 5594 ||| UPGRADING to ring of protection from cold.
  5597 | D:7      | 5597 ||| READING scroll labelled ZIBEGU ICEODDO.
  5619 | D:8      | 5619 ||| RETREEEEATING.
  5620 | D:8      | 5620 ||| RETREEEEATING.
  5634 | D:8      | HP: 8/59 [wight/+5 war axe (15)]
  5635 | D:8      | 5635 ||| READING 5 scrolls of teleportation.
  5636 | D:8      | 5636 ||| DRINKING 3 potions of heal wounds.
  5637 | D:8      | 5637 ||| DRINKING 2 potions of heal wounds.
  5643 | D:8      | 5643 ||| FLEEEEING.
  5644 | D:8      | 5644 ||| FLEEEEING.
  5649 | D:8      | 5649 ||| STAIRDANCE
  5681 | D:8      | 5681 ||| STAIRDANCE
  5700 | D:8      | 5700 ||| STAIRDANCE
  5714 | D:7      | 5714 ||| FLEEEEING.
  5786 | D:8      | 5786 ||| STAIRDANCE
  5816 | D:8      | 5816 ||| STAIRDANCE
  5822 | D:7      | 5822 ||| FLEEEEING.
  5833 | D:7      | 5833 ||| FLEEEEING.
  5842 | D:7      | 5842 ||| DRINKING 6 potions of curing.
  5842 | D:7      | 5842 ||| (to cure confusion)
  5846 | D:7      | Reached XP level 10. HP: 64/64 MP: 10/10
  5860 | D:8      | 5860 ||| STAIRDANCE
  5880 | D:8      | Noticed Erica
  5881 | D:8      | 5881 ||| STAIRDANCE
  5891 | D:8      | 5891 ||| STAIRDANCE
  5902 | D:7      | Reached * piety under Okawaru
  5911 | D:8      | 5911 ||| STAIRDANCE
  5913 | D:7      | 5913 ||| INVOKING Heroism.
  5926 | D:7      | Killed Erica
  5927 | D:7      | Reached skill level 12 in Ranged Weapons
  5927 | D:7      | 5927 ||| FLEEEEING.
  6037 | D:8      | Reached skill level 1 in Invocations
  6150 | D:8      | Found a staircase to the Lair.
  6330 | D:8      | Identified the +7 spear "Leunail Zar" {flame, rPois rC+
                  | Stlth-}
  6805 | D:8      | 6805 ||| PLANNING LAIR
  6805 | D:8      | 6805 ||| READING scroll of identify.
  6805 | D:8      | 6805 ||| IDENTIFYING dark potion
  6806 | D:8      | 6806 ||| DROPPING potion of ambrosia.
  6841 | Lair:1   | Entered Level 1 of the Lair of Beasts
  6844 | Lair:1   | Noticed a torpor snail
  6845 | Lair:1   | 6845 ||| INVOKING Heroism.
  6846 | Lair:1   | 6846 ||| RETREEEEATING.
  6847 | Lair:1   | 6847 ||| RETREEEEATING.
  6848 | Lair:1   | 6848 ||| RETREEEEATING.
  6849 | Lair:1   | 6849 ||| RETREEEEATING.
  6850 | Lair:1   | 6850 ||| RETREEEEATING.
  6851 | Lair:1   | 6851 ||| RETREEEEATING.
  6852 | Lair:1   | 6852 ||| RETREEEEATING.
  6853 | Lair:1   | 6853 ||| RETREEEEATING.
  6854 | Lair:1   | 6854 ||| RETREEEEATING.
  6855 | Lair:1   | 6855 ||| RETREEEEATING.
  6856 | Lair:1   | 6856 ||| RETREEEEATING.
  6857 | Lair:1   | 6857 ||| RETREEEEATING.
  6858 | Lair:1   | 6858 ||| RETREEEEATING.
  6859 | Lair:1   | 6859 ||| INVOKING Heroism.
  6869 | Lair:1   | Killed a torpor snail
  6889 | Lair:1   | Reached skill level 3 in Invocations
  6889 | Lair:1   | 6889 ||| FLEEEEING.
  6943 | Lair:1   | Reached ** piety under Okawaru
  6947 | Lair:1   | Noticed a cane toad
  6951 | Lair:1   | Noticed a cane toad
  6952 | Lair:1   | 6952 ||| RETREEEEATING.
  6953 | Lair:1   | 6953 ||| ZAPPING wand of light (18) at -2,-3 (cane toad;
                  | floor).
  6953 | Lair:1   | Noticed a cane toad
  6954 | Lair:1   | 6954 ||| RETREEEEATING.
  6957 | Lair:1   | 6957 ||| ZAPPING wand of light (17) at -2,-5 (cane toad;
                  | floor).
  6958 | Lair:1   | 6958 ||| RETREEEEATING.
  6959 | Lair:1   | 6959 ||| INVOKING Heroism.
  6961 | Lair:1   | 6961 ||| RETREEEEATING.
  6962 | Lair:1   | Killed a cane toad
  6972 | Lair:1   | Killed a cane toad
  6973 | Lair:1   | Reached skill level 13 in Ranged Weapons
  6982 | Lair:1   | Killed a cane toad
  7008 | Lair:1   | Noticed a cane toad
  7009 | Lair:1   | 7009 ||| INVOKING Heroism.
  7020 | Lair:1   | Killed a cane toad
  7021 | Lair:1   | Reached skill level 9 in Fighting
  7021 | Lair:1   | Reached XP level 11. HP: 71/71 MP: 12/14
  7067 | Lair:1   | 7067 ||| RETREEEEATING.
  7093 | Lair:1   | 7093 ||| FLEEEEING.
  7157 | Lair:1   | 7157 ||| RETREEEEATING.
  7158 | Lair:1   | 7158 ||| RETREEEEATING.
  7159 | Lair:1   | 7159 ||| RETREEEEATING.
  7160 | Lair:1   | 7160 ||| RETREEEEATING.
  7161 | Lair:1   | 7161 ||| RETREEEEATING.
  7163 | Lair:1   | 7163 ||| RETREEEEATING.
  7164 | Lair:1   | 7164 ||| RETREEEEATING.
  7165 | Lair:1   | 7165 ||| RETREEEEATING.
  7166 | Lair:1   | 7166 ||| RETREEEEATING.
  7167 | Lair:1   | 7167 ||| RETREEEEATING.
  7168 | Lair:1   | 7168 ||| RETREEEEATING.
  7169 | Lair:1   | 7169 ||| RETREEEEATING.
  7170 | Lair:1   | 7170 ||| RETREEEEATING.
  7171 | Lair:1   | 7171 ||| RETREEEEATING.
  7172 | Lair:1   | 7172 ||| RETREEEEATING.
  7173 | Lair:1   | 7173 ||| RETREEEEATING.
  7174 | Lair:1   | 7174 ||| RETREEEEATING.
  7175 | Lair:1   | 7175 ||| RETREEEEATING.
  7176 | Lair:1   | 7176 ||| RETREEEEATING.
  7177 | Lair:1   | 7177 ||| RETREEEEATING.
  7178 | Lair:1   | 7178 ||| RETREEEEATING.
  7179 | Lair:1   | 7179 ||| RETREEEEATING.
  7180 | Lair:1   | 7180 ||| INVOKING Heroism.
  7222 | Lair:1   | Reached *** piety under Okawaru
  7312 | Lair:1   | Reached skill level 14 in Ranged Weapons
  7582 | Lair:1   | Reached skill level 3 in Armour
  7582 | Lair:1   | 7582 ||| FLEEEEING.
  7910 | Lair:2   | 7910 ||| FLEEEEING.
  7920 | Lair:2   | 7920 ||| RETREEEEATING.
  7921 | Lair:2   | 7921 ||| RETREEEEATING.
  7922 | Lair:2   | 7922 ||| RETREEEEATING.
  7923 | Lair:2   | 7923 ||| RETREEEEATING.
  7924 | Lair:2   | 7924 ||| RETREEEEATING.
  7925 | Lair:2   | 7925 ||| RETREEEEATING.
  7926 | Lair:2   | 7926 ||| RETREEEEATING.
  7927 | Lair:2   | 7927 ||| RETREEEEATING.
  7928 | Lair:2   | 7928 ||| RETREEEEATING.
  7929 | Lair:2   | 7929 ||| RETREEEEATING.
  7932 | Lair:2   | 7932 ||| INVOKING Heroism.
  7971 | Lair:2   | 7971 ||| INVOKING Heroism.
  7983 | Lair:2   | Reached **** piety under Okawaru
  8017 | Lair:2   | 8017 ||| FLEEEEING.
  8022 | Lair:2   | 8022 ||| STAIRDANCE
  8231 | Lair:2   | 8231 ||| FLEEEEING.
  8305 | Lair:2   | 8305 ||| FLEEEEING.
  8557 | Lair:2   | Noticed a salamander
  8558 | Lair:2   | 8558 ||| INVOKING Finesse.
  8576 | Lair:2   | Killed a salamander
  8577 | Lair:2   | Reached skill level 6 in Invocations
  8577 | Lair:2   | Reached XP level 12. HP: 56/77 MP: 11/16
  8612 | Lair:2   | Found a staircase to the Snake Pit.
  8731 | Lair:2   | Found a staircase to the Shoals.
  8769 | Lair:2   | 8769 ||| FLEEEEING.
  8777 | Lair:2   | 8777 ||| STAIRDANCE
  8796 | Lair:1   | 8796 ||| READING scroll of identify.
  8796 | Lair:1   | 8796 ||| IDENTIFYING scroll labelled LATEFO KUKK
  8797 | Lair:1   | 8797 ||| DROPPING scroll of summoning.
  9032 | Lair:3   | 9032 ||| FLEEEEING.
  9036 | Lair:3   | 9036 ||| STAIRDANCE
  9073 | Lair:3   | 9073 ||| RETREEEEATING.
  9074 | Lair:3   | 9074 ||| RETREEEEATING.
  9075 | Lair:3   | 9075 ||| RETREEEEATING.
  9119 | Lair:3   | 9119 ||| FLEEEEING.
  9128 | Lair:3   | 9128 ||| STAIRDANCE
  9160 | Lair:3   | 9160 ||| READING scroll of enchant armour.
  9160 | Lair:3   | 9160 ||| ENCHANTING +1 helmet.
  9263 | Lair:3   | 9263 ||| RETREEEEATING.
  9264 | Lair:3   | 9264 ||| RETREEEEATING.
  9265 | Lair:3   | 9265 ||| RETREEEEATING.
  9266 | Lair:3   | 9266 ||| RETREEEEATING.
  9267 | Lair:3   | 9267 ||| RETREEEEATING.
  9268 | Lair:3   | 9268 ||| RETREEEEATING.
  9269 | Lair:3   | 9269 ||| RETREEEEATING.
  9270 | Lair:3   | 9270 ||| RETREEEEATING.
  9271 | Lair:3   | 9271 ||| RETREEEEATING.
  9272 | Lair:3   | 9272 ||| RETREEEEATING.
  9273 | Lair:3   | 9273 ||| RETREEEEATING.
  9280 | Lair:3   | 9280 ||| RETREEEEATING.
  9281 | Lair:3   | 9281 ||| RETREEEEATING.
  9282 | Lair:3   | 9282 ||| RETREEEEATING.
  9283 | Lair:3   | 9283 ||| RETREEEEATING.
  9284 | Lair:3   | 9284 ||| RETREEEEATING.
  9286 | Lair:3   | 9286 ||| INVOKING Finesse.
  9287 | Lair:3   | 9287 ||| INVOKING Finesse.
  9297 | Lair:3   | Reached skill level 15 in Ranged Weapons
  9323 | Lair:3   | HP: 14/77 [cane toad (8)]
  9324 | Lair:3   | 9324 ||| READING 4 scrolls of teleportation.
  9325 | Lair:3   | 9325 ||| DRINKING 3 potions of heal wounds.
  9345 | Lair:3   | 9345 ||| FLEEEEING.
  9450 | Lair:3   | Reached ***** piety under Okawaru
  9474 | Lair:3   | 9474 ||| FLEEEEING.
  9477 | Lair:3   | 9477 ||| STAIRDANCE
  9530 | Lair:3   | 9530 ||| RETREEEEATING.
  9532 | Lair:3   | 9532 ||| RETREEEEATING.
  9544 | Lair:3   | 9544 ||| INVOKING Finesse.
  9582 | Lair:3   | Noticed an eight-headed hydra
  9594 | Lair:3   | HP: 12/77 [eight-headed hydra (12)]
  9595 | Lair:3   | 9595 ||| READING 3 scrolls of teleportation.
  9596 | Lair:3   | 9596 ||| DRINKING 2 potions of heal wounds.
  9597 | Lair:3   | 9597 ||| DRINKING potion of heal wounds.
  9684 | Lair:3   | 9684 ||| RETREEEEATING.
  9685 | Lair:3   | 9685 ||| RETREEEEATING.
  9686 | Lair:3   | 9686 ||| RETREEEEATING.
  9743 | Lair:3   | 9743 ||| INVOKING Finesse.
  9767 | Lair:3   | 9767 ||| FLEEEEING.
  9877 | Lair:3   | 9877 ||| SWAPPING to +0 arbalest.
  9878 | Lair:3   | 9878 ||| DROPPING +0 orcbow.
  9884 | Lair:3   | 9884 ||| INVOKING Finesse.
  9891 | Lair:3   | Killed an eight-headed hydra
  9978 | Lair:3   | 9978 ||| INVOKING Finesse.
  9979 | Lair:3   | 9979 ||| INVOKING Heroism.
  9989 | Lair:3   | 9989 ||| FLEEEEING.
  9991 | Lair:3   | 9991 ||| STAIRDANCE
 10087 | Lair:3   | Reached skill level 9 in Invocations
 10271 | Lair:3   | 10271 ||| READING 2 scrolls of identify.
 10271 | Lair:3   | 10271 ||| IDENTIFYING 2 green potions
 10272 | Lair:3   | 10272 ||| DROPPING 2 potions of invisibility.
 10302 | Lair:4   | 10302 ||| RETREEEEATING.
 10306 | Lair:4   | 10306 ||| RETREEEEATING.
 10307 | Lair:4   | 10307 ||| RETREEEEATING.
 10308 | Lair:4   | 10308 ||| RETREEEEATING.
 10309 | Lair:4   | 10309 ||| RETREEEEATING.
 10310 | Lair:4   | 10310 ||| RETREEEEATING.
 10311 | Lair:4   | 10311 ||| RETREEEEATING.
 10312 | Lair:4   | 10312 ||| RETREEEEATING.
 10313 | Lair:4   | 10313 ||| RETREEEEATING.
 10315 | Lair:4   | 10315 ||| RETREEEEATING.
 10316 | Lair:4   | 10316 ||| RETREEEEATING.
 10317 | Lair:4   | 10317 ||| RETREEEEATING.
 10318 | Lair:4   | 10318 ||| RETREEEEATING.
 10319 | Lair:4   | 10319 ||| RETREEEEATING.
 10320 | Lair:4   | 10320 ||| RETREEEEATING.
 10321 | Lair:4   | 10321 ||| RETREEEEATING.
 10322 | Lair:4   | 10322 ||| RETREEEEATING.
 10323 | Lair:4   | 10323 ||| RETREEEEATING.
 10483 | Lair:4   | Noticed an eight-headed hydra
 10485 | Lair:4   | 10485 ||| INVOKING Finesse.
 10491 | Lair:4   | Killed an eight-headed hydra
 10492 | Lair:4   | Reached skill level 16 in Ranged Weapons
 10680 | Lair:4   | 10680 ||| FLEEEEING.
 11117 | Lair:5   | Entered Level 5 of the Lair of Beasts
 11118 | Lair:5   | 11118 ||| RETREEEEATING.
 11119 | Lair:5   | 11119 ||| RETREEEEATING.
 11120 | Lair:5   | 11120 ||| RETREEEEATING.
 11121 | Lair:5   | 11121 ||| RETREEEEATING.
 11122 | Lair:5   | 11122 ||| RETREEEEATING.
 11123 | Lair:5   | 11123 ||| RETREEEEATING.
 11124 | Lair:5   | 11124 ||| RETREEEEATING.
 11125 | Lair:5   | 11125 ||| INVOKING Finesse.
 11138 | Lair:5   | Reached XP level 13. HP: 71/83 MP: 15/20
 11183 | Lair:5   | 11183 ||| READING scroll of enchant weapon.
 11183 | Lair:5   | 11183 ||| ENCHANTING +0 arbalest.
 11201 | Lair:5   | 11201 ||| RETREEEEATING.
 11205 | Lair:5   | 11205 ||| RETREEEEATING.
 11213 | Lair:5   | 11213 ||| RETREEEEATING.
 11227 | Lair:5   | HP: 21/84 [seven-headed hydra (11)]
 11228 | Lair:5   | 11228 ||| READING 2 scrolls of teleportation.
 11228 | Lair:5   | HP: 6/84 [seven-headed hydra (8)]
 11228 | Lair:5   | HP: 1/84 [seven-headed hydra (5)]
 11229 | Lair:5   | Mangled by a seven-headed hydra

Levels and vault maps discovered:
D:1:      lightli_arrival_statue_moat, layout_loops_cross, serial_shops, shop
D:2:      minmay_angry_zag, layout_loops_ring, uniq_crazy_yiuf_cottage,
          uniq_jessica
D:3:      wad_lake_hut, layout_loops_ring, ebering_ecumenical_altar_hall
D:4:      layout_rooms, grunt_temple_overflow_lords_of_destruction,
          lemuel_mausoleum_altar_kikubaaqudgha, jmf_multi_god_temple,
          minmay_misc_feat_square
D:5:      layout_basic, trog_hazing_becter, xom_butterflies,
          minmay_temple_entry_statues
D:6:      layout_cave_pools, nicolae_ru_sacrificial_ziggurat, minivault_14,
          minmay_fountain_box, uniq_prince_ribbit1
D:7:      layout_cave_pools, gammafunk_temple_overflow_pools,
          general_overflow_altar, enter_ossuary_3, enter_bailey_7, minivault_10
D:8:      layout_layer_cave, dpeg_oklobed_lair, uniq_erica
Temple:   nicolae_temple_little_seven
Lair:1:   layout_chaotic_city, beast_lair_carwin_10,
          infiniplex_staircase_pool_2, lemuel_fruit_fields
Lair:2:   layout_regular_city, minmay_shoals_entry_hut,
          nicolae_snake_entry_warm_welcome, beast_lair_carwin_9,
          infiniplex_staircase_pool
Lair:3:   layout_cellular_growth, st_stairs_10
Lair:4:   layout_gridlike, wad_woods_river_01
Lair:5:   minmay_lair_end_frog_pond, layout_regular_city,
          dpeg_slime_entry_enclosed

Skill      XL: |  1  2  3  4  5  6  7  8  9 10 11 12 13 |
---------------+----------------------------------------+-----
Armour         | 1 2 3 |  3.2
Ranged Weapons | 5 6 7 8 10 11 13 14 16 | 16.2
Fighting       | 3 4 5 6 8 9 10 11 | 11.0
Dodging        | 2 3 4 5 |  5.1
Invocations    | 4 6 10 | 10.0
Stealth        | |  1.1

Action                     |  1- 3 |  4- 6 |  7- 9 | 10-12 | 13-15 || total
---------------------------+-------+-------+-------+-------+-------++-------
   Fire: Shortbow          |   111 |   200 |   257 |       |       ||   568
         Orcbow            |       |       |   323 |   852 |       ||  1175
         Arbalest          |       |       |       |   111 |    71 ||   182
 Invoke: Heroism           |       |       |       |     9 |       ||     9
         Finesse           |       |       |       |     8 |       ||     8
  Evoke: Wand              |       |       |     2 |     2 |       ||     4
    Use: Scroll            |     2 |    13 |    10 |     6 |     2 ||    33
         Potion            |       |       |     8 |     3 |       ||    11
 Armour: Leather armour    |     9 |       |       |       |       ||     9
         Ring mail         |    18 |     9 |       |       |       ||    27
         Robe              |       |    56 |   332 |   533 |    45 ||   966
  Dodge: Dodged            |    27 |    54 |   290 |   513 |    51 ||   935

Table legend:
 A = Non-vault XP
 B = Vault XP
 C = Vault XP percentage of total XP
 D = Non-vault monster count
 E = Vault monster count
 F = Vault count percentage of total count
                 A         B        C        D         E       F
            +---------+---------+-------+---------+---------+-------
      Total |   24033 |   10646 |  30.7 |     226 |     103 |  31.3
            +---------+---------+-------+---------+---------+-------
        D:1 |      26 |       0 |   0.0 |      16 |       0 |   0.0
        D:2 |      36 |      48 |  57.1 |      20 |       8 |  28.6
        D:3 |     122 |       0 |   0.0 |      19 |       0 |   0.0
        D:4 |     334 |     239 |  41.7 |      24 |      15 |  38.5
        D:5 |     754 |      11 |   1.4 |      15 |       6 |  28.6
        D:6 |    1259 |     264 |  17.3 |      18 |       1 |   5.3
        D:7 |     999 |     866 |  46.4 |      22 |       5 |  18.5
        D:8 |     448 |       0 |   0.0 |       7 |       0 |   0.0
     Lair:1 |    3568 |    2819 |  44.1 |      17 |       9 |  34.6
     Lair:2 |    4850 |    1922 |  28.4 |      25 |      13 |  34.2
     Lair:3 |    7997 |    1074 |  11.8 |      28 |       3 |   9.7
     Lair:4 |    2419 |     904 |  27.2 |       9 |       5 |  35.7
     Lair:5 |    1221 |    1881 |  60.6 |       6 |       8 |  57.1
    Ossuary |       0 |     618 | 100.0 |       0 |      30 | 100.0
            +---------+---------+-------+---------+---------+-------
